 Dungeon Crawl Stone Soup version 0.26-a0-1058-g8dc6ce00ff (webtiles) character file.

Game seed: 1484743707670389476

102 Conn the Firebug (level 4, -4/24 HPs)
             Began as a Deep Elf Fire Elementalist on Dec 13, 2020.
             Killed by divine providence
             ... invoked by an orc priest
              (13 damage)
             ... on level 3 of the Dungeon.
             The game lasted 00:03:42 (2629 turns).

Conn the Firebug (Deep Elf Fire Elementalist)       Turns: 2629, Time: 00:03:48

Health: -4/24      AC:  5    Str:  5    XL:     4   Next: 50%
Magic:  6/11       EV: 13    Int: 21    God:
Gold:   146        SH:  0    Dex: 15    Spells: 3/10 levels left

rFire    . . .     SeeInvis .   l - +0 short sword
rCold    . . .     Faith    .   (no shield)
rNeg     . . .     Spirit   .   a - +0 robe
rPois    +         Reflect  .   h - +0 helmet
rElec    .         Harm     .   (no cloak)
rCorr    .         Rampage  .   m - +0 pair of gloves
Will     .....                  c - +0 pair of boots
Stlth    ++........             (no amulet)
HPRegen  0.08/turn              d - ring of poison resistance
MPRegen  0.12/turn              o - ring of wizardry

@: no status effects
A: no striking features
a: no special abilities


You were on level 3 of the Dungeon.
You visited 1 branch of the dungeon, and saw 3 of its levels.

You collected 146 gold pieces.

Inventory:

Hand Weapons
 l - a +0 short sword (weapon)
Missiles
 n - 34 poisoned darts (quivered)
Armour
 a - a +0 robe (worn)
 c - a +0 pair of boots (worn)
 h - a +0 helmet (worn)
 m - a +0 pair of gloves (worn)
Jewellery
 b - an uncursed ring of ice
 d - a ring of poison resistance (left hand)
 o - a ring of wizardry (right hand)
Scrolls
 e - 4 scrolls of teleportation {unknown}
 g - 3 scrolls of identify {unknown}
 i - a scroll of magic mapping {unknown}
 k - a scroll of random uselessness {unknown}
 p - a scroll of remove curse {unknown}
 q - a scroll of immolation {unknown}
Potions
 f - a potion of haste {unknown}
 j - a potion of invisibility {unknown}
 r - a potion of mutation {unknown}
 s - a potion of heal wounds {unknown}


   Skills:
 + Level 0.1 Fighting
 + Level 2.6 Dodging
 + Level 3.1 Stealth
 + Level 3.8 Spellcasting
 * Level 2.6 Conjurations
 * Level 4.4 Fire Magic


You had 3 spell levels left.
You knew the following spells:

 Your Spells              Type           Power        Failure   Level
a - Foxfire               Conj/Fire      ###.         1%          1
b - Conjure Flame         Conj/Fire      ###.....     3%          3
c - Inner Flame           Hex/Fire       ##......     6%          3

Your spell library contained the following spells:

 Spells                   Type           Power        Failure   Level
 Sticky Flame             Conj/Fire      ###.....     12%         4
 Fireball                 Conj/Fire      ###.......   32%         5


Dungeon Overview and Level Annotations

Branches:
Dungeon (3/15)

Altars:
Elyvilon


Message History

The foxfire hits the orc.
You kill the orc!
Unknown command.
Casting: Foxfire (safe; 1% risk of failure)
Confirm with . or Enter, or press ? or * to list all spells.
You conjure some foxfire!
The goblin shouts!
You hear a shout!
The foxfire hits the orc.
The orc is lightly wounded.
The orc priest calls down the wrath of Beogh upon you.
Beogh smites you!
Ouch! That really hurt!
The foxfire hits the orc.
The orc is moderately wounded.
The foxfire hits the orc.
The orc is severely wounded.
The orc priest calls down the wrath of Beogh upon you.
Beogh smites you!
Ouch! That really hurt!
You die...

###.# ....... ..##.... ..# ###
..........#..... ..#
..##...g)........... #.#
#.#.......o......... #.#
................... #####.#####
#....o..[.......... #.........#
#...§..............
#......<..####.@§##### ####.....
#...............§.............o.
#.........####...#########....<.
#.........# #...# #......
#.........# ##### #......
########### #...).. #......
##..... ##....


You could see an orc priest, an orc and a goblin.

Vanquished Creatures
  3 adders (D:2)
  2 oozes
  A dart slug (D:2)
  2 leopard geckos
  4 orcs (D:3)
  2 ball pythons (D:1)
  7 bats
  5 goblins
  8 hobgoblins
  4 jackals (D:1)
  4 frilled lizards
  7 kobolds
  8 rats
57 creatures vanquished.

Vanquished Creatures (others)
  161 foxfires
161 creatures vanquished.

Grand Total: 218 creatures vanquished

Notes
Turn   | Place    | Note
-------+----------+-------------------------------------------
     0 | D:1      | Conn the Deep Elf Fire Elementalist began the quest for the
                  | Orb.
     0 | D:1      | Reached XP level 1. HP: 10/10 MP: 6/6
   208 | D:1      | Reached XP level 2. HP: 15/15 MP: 6/8
   923 | D:1      | Reached XP level 3. HP: 19/19 MP: 8/10
   946 | D:1      | Learned a level 3 spell: Conjure Flame
   950 | D:1      | Learned a level 3 spell: Inner Flame
  1261 | D:2      | Reached skill level 4 in Fire Magic
  1390 | D:2      | Found a white marble altar of Elyvilon.
  1840 | D:2      | Reached XP level 4. HP: 20/24 MP: 7/11
  2227 | D:2      | You fall into a shaft and drop 1 floor!
  2629 | D:3      | Killed from afar by an orc priest

Illustrated notes

Levels and vault maps discovered:
D:1:      onia_arrival_handbag, layout_loops_corners
D:2:      layout_loops_corners, overflow_temple_1_default
D:3:      layout_rooms, corexii_hall_statues_s

Skill      XL: |  1  2  3  4 |
---------------+-------------+-----
Fire Magic     | 4 |  4.4
Conjurations   | 2 |  2.6
Stealth        | 3 |  3.1
Fighting       | |  0.1
Dodging        | |  2.6
Spellcasting   | |  3.8

Action                   |  1- 3 |  4- 6 || total
-------------------------+-------+-------++-------
Melee: Short sword       |     6 |     1 ||     7
 Cast: Foxfire           |    65 |    31 ||    96
 Stab: Sleeping          |     1 |     1 ||     2
Armor: Robe              |     9 |     3 ||    12
Dodge: Dodged            |    22 |    15 ||    37

Table legend: (Time is in decaauts)
 A = Elapsed time spent in this place.
 B = Non-inter-level travel time spent in this place.
 C = Inter-level travel time spent in this place.
 D = Time resting spent in this place.
 E = Time spent auto-exploring this place.
 F = Levels seen in this place.
 G = Mean time per level.
                   A        B        C        D        E       F      G
               +--------+--------+--------+--------+--------+-----+--------+
         Total |   2627 |   2627 |      0 |    110 |   1957 |   3 |  875.7 |
       Dungeon |   2627 |   2627 |      0 |    110 |   1957 |   3 |  875.7 |
               +--------+--------+--------+--------+--------+-----+--------+

Top non-repeatable levels by time:
     D:2: 1338 daAuts
     D:1: 1233 daAuts
     D:3: 56 daAuts
